 Dungeon Crawl Stone Soup version 0.27-a0-54-g64bdb92e38 (webtiles) character file.

Game seed: 17577917476134137205

145113 kae the Brawler (level 16, -4/134 HPs)
             Began as a Demonspawn Gladiator on Jan 7, 2021.
             Was the Champion of Wu Jian.
             Slain by a swamp worm (18 damage)
             ... on level 2 of the Swamp.
             The game lasted 00:36:31 (38481 turns).

kae the Brawler (Demonspawn Gladiator)             Turns: 38481, Time: 00:36:32

Health: -4/134     AC: 31    Str: 27    XL:     16   Next: 86%
Magic:  25/25      EV: 13    Int:  9    God:    Wu Jian [******]
Gold:   3172       SH:  0    Dex: 20    Spells: 15/15 levels left

rFire    + . .     SeeInvis +     - Unarmed
rCold    + + +     Faith    .   (no shield)
rNeg     . . .     Spirit   .   v - +0 plate armour
rPois    +         Reflect  .   Z - +2 hood of the Assassin {Detection Stab+ Stlth++}
rElec    +         Harm     .   Y - +2 cloak {Stlth+}
rCorr    .         Rampage  .   (gloves unavailable)
Will     .....                  n - +2 pair of boots
Stlth    +.........             P - amulet "Maeph" {Acrobat rElec rPois}
HPRegen  0.32/turn              U - ring "Piaduih" {rC+++ Will- MP+9 Dex+4 SInv}
MPRegen  0.19/turn              s - +6 ring of strength

@: sanguine armour, very slow
A: claws 3, demonic guardian 2, fire resistance 1, flame cloud immunity,
sanguine armour 2
a: Renounce Religion, Wall Jump, Serpent's Lash, Heavenly Storm


You were on level 2 of the Swamp.
You worshipped Wu Jian.
Wu Jian was exalted by your worship.
You visited 6 branches of the dungeon, and saw 27 of its levels.
You also visited: Ice Cave.

You collected 3260 gold pieces.
You spent 88 gold pieces at shops.

Inventory:

Missiles
 c - 5 throwing nets (quivered)
Armour
 n - a +2 pair of boots (worn)
 v - a +0 plate armour (worn)
 J - a +2 hat of willpower
 Y - a +2 cloak of stealth (worn)
 Z - the +2 hood of the Assassin (worn) {Detection Stab+ Stlth++}
   (You found it in an ice cave)

   It makes you much more stealthy.
Jewellery
 a - an uncursed amulet of faith
 b - a cursed +4 ring of protection
 r - a +6 ring of intelligence
 s - a +6 ring of strength (right claw)
 y - an uncursed ring of willpower
 F - an uncursed ring of flight
 G - a +6 ring of dexterity
 H - an uncursed amulet of reflection
 M - an uncursed ring of willpower
 N - an uncursed ring of ice
 O - an uncursed ring of protection from fire
 P - the amulet "Maeph" (around neck) {Acrobat rElec rPois}
   (You found it on level 1 of the Lair of Beasts)

   [amulet of the acrobat]

   It helps you evade while moving and waiting.
   It insulates you from electricity.
   It protects you from poison.
 Q - an uncursed ring of poison resistance
 S - an uncursed ring of protection from fire
 T - a +4 ring of slaying
 U - the ring "Piaduih" (left claw) {rC+++ Will- MP+9 Dex+4 SInv}
   (You acquired it on level 12 of the Dungeon)

   [ring of see invisible]

   It affects your dexterity (+4).
   It renders you almost immune to cold.
   It affects your willpower, your defense against some magical effects.
   It affects your magic capacity (+9).
   It lets you see invisible.
 W - an uncursed ring of see invisible
Wands
 p - a wand of enslavement (19)
 w - a wand of flame (21)
 C - a wand of iceblast (28)
 R - a wand of paralysis (9)
 V - a wand of random effects (36)
 X - a wand of polymorph (8)
Scrolls
 h - 11 scrolls of remove curse
 i - 14 scrolls of teleportation
 k - 6 scrolls of immolation
 l - 4 scrolls of amnesia
 o - 3 scrolls of blinking
 q - a scroll of fear
 x - 5 scrolls of identify
 E - 2 scrolls of enchant armour
 K - 4 scrolls of fog
 L - a scroll of magic mapping
Potions
 d - 11 potions of curing
 e - a potion of magic
 f - 3 potions of might
 g - 2 potions of haste
 j - 6 potions of lignification
 m - 4 potions of resistance
 t - 2 potions of mutation
 u - 3 potions of brilliance
 z - 8 potions of heal wounds
 A - a potion of berserk rage
 B - 4 potions of attraction
 D - 3 potions of invisibility
Miscellaneous
 I - a tin of tremorstones (2/2)


   Skills:
 + Level 14.5 Fighting
 - Level 2.2 Throwing
 - Level 8.0 Armour
 - Level 8.0 Dodging
 + Level 5.3 Stealth
 * Level 18.7 Unarmed Combat
 - Level 8.0 Evocations


You had 15 spell levels left.
You didn't know any spells.
Your spell library contained the following spells:

 Spells                   Type           Power        Failure   Level
 Animate Skeleton         Necr           0%           99%         1
 Beastly Appendage        Tmut           0%           99%         1
 Corona                   Hex            0%           99%         1
 Freeze                   Ice            0%           99%         1
 Magic Dart               Conj           0%           99%         1
 Pain                     Necr           0%           99%         1
 Summon Small Mammal      Summ           0%           99%         1
 Blink                    Tloc           N/A          99%         2
 Call Imp                 Summ           0%           99%         2
 Ensorcelled Hibernation  Hex/Ice        0%           99%         2
 Poisonous Vapours        Pois/Air       0%           99%         2
 Slow                     Hex            0%           99%         2
 Wereblood                Tmut           0%           99%         2
 Call Canine Familiar     Summ           0%           100%        3
 Confusing Touch          Hex            0%           100%        3
 Conjure Flame            Conj/Fire      0%           100%        3
 Dazzling Flash           Conj/Hex       0%           100%        3
 Frozen Ramparts          Ice            0%           100%        3
 Gell's Gravitas          Tloc           0%           100%        3
 Mephitic Cloud           Conj/Pois/Air  0%           100%        3
 Ozocubu's Armour         Ice            0%           100%        3
 Spider Form              Tmut/Pois      0%           100%        3
 Summon Guardian Golem    Hex/Summ       0%           100%        3
 Tukima's Dance           Hex            0%           100%        3
 Vampiric Draining        Necr           0%           100%        3
 Animate Dead             Necr           0%           100%        4
 Ice Form                 Ice/Tmut       0%           100%        4
 Petrify                  Tmut/Erth      0%           100%        4
 Summon Ice Beast         Ice/Summ       0%           100%        4
 Summon Lightning Spire   Summ/Air       0%           100%        4
 Agony                    Necr           0%           100%        5
 Blade Hands              Tmut           0%           100%        5
 Metabolic Englaciation   Hex/Ice        0%           100%        5
 Yara's Violent Unravell  Hex/Tmut       0%           100%        5
 Freezing Cloud           Conj/Ice/Air   0%           100%        6
 Simulacrum               Ice/Necr       0%           100%        6


Dungeon Overview and Level Annotations

Branches:
Dungeon (15/15)            Temple (1/1) D:5            Lair (6/6) D:11
  Swamp (2/4) Lair:3        Snake (1/4) Lair:4        Slime (0/5) Lair:5
    Orc (2/2) D:12            Elf (0/3) Orc:2        Vaults (0/5) D:14
 Depths (0/5) D:15          IceCv (visited)

Altars:
Ashenzari
Cheibriados
Dithmenos
Elyvilon
Fedhas
Gozag
Hepliaklqana
Kikubaaqudgha
Makhleb
Nemelex Xobeh
Okawaru
Qazlal
Ru
Sif Muna
Trog
Uskayaw
Wu Jian
Xom
Yredelemnul
Zin
The Shining One
Beogh
Jiyva

Shops:
D:4 ?   D:8 *   D:12 [   Orc:2 :*:[

Annotations:
Lair:2 2 transporters, Borgoz's ghost, journeyman HaGl


Innate Abilities, Weirdness & Mutations

You have claws for hands.
A demonic guardian rushes to your aid.
Your flesh is heat resistant. (rF+)
You are immune to clouds of flame.
When seriously injured, your bleeding wounds create thick armour. (AC +9)


Message History

The blast of putrescent gases engulfs the swamp dragon!!
The swamp dragon dies!
The blast of putrescent gases engulfs the spriggan druid!!
Your smoke demon gestures at the spriggan druid.
The ball of steam hits the spriggan druid!!
With its final breath, the spriggan druid offers up its power to the beasts of the wild!
The swamp worm is healed.
The swamp worm seems to grow more fierce.
The spriggan druid dies!
The Council accepts your kill.
You hear a splash. x2; You hear a shout!
Okay, then.
You feel better.
The swamp worm seems less confused.
The swamp worm misses you.
Your unstable footing causes you to fumble your attack.
Your unstable footing causes you to fumble your attack.
The swamp worm completely misses you.
Your unstable footing causes you to fumble your attack.
The swamp worm bites you!!
You die...

...≈≈..≈≈(.....≈♣.≈♣♣♣§♣♣.
≈≈..≈≈.≈......≈○≈........§
≈≈♣≈...≈≈≈≈...°♣.....≈≈≈.≈
≈.♣♣♣♣.≈≈≈≈..♣♣♣♣....≈≈≈≈♣
≈≈♣ ♣≈≈≈≈..♣♣ ♣≈.....§.♣
♣≈♣♣♣♣♣...≈♣≈≈♣♣.≈≈≈...♣♣
♣...≈≈≈≈.♣≈.≈...≈†≈≈≈≈≈♣
♣§.≈.≈≈....§≈≈.≈≈≈†)§≈.♣
♣♣≈≈≈...≈≈≈≈≈§≈≈@3≈≈≈≈≈...
≈≈≈≈≈≈§≈≈≈≈≈≈.≈≈≈w≈.≈§≈.≈.
≈>.≈≈≈≈≈≈≈≈≈..≈≈≈≈≈..≈..♣≈
♣♣<≈≈≈≈≈≈≈≈.♣♣.≈≈≈.....≈♣
♣≈.≈≈≈≈≈≈.≈♣♣♣...♣....≈..
♣♣.....≈≈≈≈♣ ♣♣♣♣♣≈..≈.≈§
♣♣♣≈≈≈.≈≈♣♣ ♣♣♣♣≈≈≈
♣♣≈♣...♣ ♣♣♣♣♣♣


You could see a swamp worm (strong) and a friendly smoke demon (summoned).

Vanquished Creatures
  Jorgrun (D:14)
  An Ice Fiend (IceCv)
  Rupert (D:15)
  Frances (D:13)
  Kirke (D:15)
  Gastronok (D:12)
  Roxanne (D:15)
  2 orc warlords (D:12)
  A stone giant (Orc:2)
  The ghost of Paluwo the Brawler, a journeyman TrMo of Nemelex Xobeh (Lair:3)
  3 dire elephants (Lair:6)
  A bunyip (Swamp:1)
  A minotaur (Lair:1)
  Snorg (Lair:5)
  A yaktaur captain (D:15)
  The ghost of Domino the Cleaver, a journeyman MiBe of Trog (Lair:1)
  The ghost of Bathrag the Reanimator, a journeyman DsWn of Ashenzari (Lair:3)
  2 naga warriors (Snake:1)
  2 boulder beetles
  5 anacondas
  7 hydras
  A dancing weapon (D:14)
  3 two-headed ogres
  A centaur warrior (D:15)
  7 death yaks (Lair:5)
  2 alligators (Swamp:1)
  The ghost of furman the Grappler, a novice TrCK of Xom (D:8)
  2 naga sharpshooters (Snake:1)
  3 shock serpents (Snake:1)
  3 orc high priests
  Sonja (Orc:2)
  An unseen horror (D:15)
  2 naga ritualists (Snake:1)
  A glowing orange brain (shapeshifter) (D:8)
  An orc knight (D:12)
  A deep elf mage (D:13)
  6 salamanders (Snake:1)
  2 mana vipers (Snake:1)
  An ugly thing (D:12)
  4 cyclopes
  2 oklob plants (Lair:3)
  A will-o-the-wisp (Swamp:2)
  8 orc sorcerers
  2 manticores
  8 elephants
  2 centaur zombies
  8 naga magi (Snake:1)
  A molten gargoyle (Lair:2)
  11 black mambas
  7 centaur skeletons
  9 cane toads
  2 ice statues (IceCv)
  A torpor snail (Lair:3)
  A yaktaur (D:15)
  2 gargoyles (D:15)
  2 rime drakes
  10 komodo dragons
  12 ice devils (IceCv)
  3 tyrant leeches
  3 trolls
  4 slime creatures (D:15)
  10 dream sheep
  5 blink frogs
  A vampire (D:15)
  A shadow (D:15)
  2 dire elephant simulacra (IceCv)
  41 yaks
  Eustachio (D:4)
  2 wyverns
  3 hogs (D:15)
  A steam dragon (Lair:5)
  2 basilisks
  4 humans (Lair:5)
  6 vampire mosquitoes (Lair:3)
  3 harpy simulacra (IceCv)
  7 wargs
  18 nagas
  5 swamp worms
  12 water moccasins
  An iron troll simulacrum (IceCv)
  3 hydra simulacra (IceCv)
  A swamp drake (Swamp:1)
  30 orc warriors
  A hornet zombie (D:13)
  2 ice beasts
  7 ogres
  7 sky beasts
  5 phantoms
  6 wolves
  3 black bears
  24 centaurs
  An ettin simulacrum (IceCv)
  A necrophage (D:10)
  2 big kobolds
  Blork the orc (D:4)
  15 bullfrogs
  A wyvern zombie (D:9)
  5 scorpions
  5 killer bees (D:12)
  2 electric eels (Lair:2)
  8 howler monkeys
  2 bullfrog zombies
  5 jellies
  A quasit (D:10)
  A crimson imp (D:5)
  7 hounds
  A gnoll shaman (D:9)
  26 orc priests
  7 iguanas
  Natasha (twice) (D:2)
  35 orc wizards
  7 worker ants
  2 killer bee zombies
  A hound zombie (D:6)
  A hound skeleton (D:4)
  A howler monkey zombie (D:6)
  2 worker ant zombies (D:5)
  17 gnolls
  12 adders
  A shadow imp (D:5)
  2 white imps
  An ufetubus (D:6)
  2 oozes
  2 adder skeletons
  4 worms
  A dart slug (D:1)
  3 leopard geckos
  94 orcs
  9 bats
  4 giant cockroaches
  3 goblins (D:1)
  6 hobgoblins
  19 jackals
  22 kobolds
  4 quokkas
  6 frilled lizards
  A jackal zombie (D:6)
  A leopard gecko zombie (D:5)
  9 rats
757 creatures vanquished.

Vanquished Creatures (collateral kills)
  2 dire elephants (Lair:6)
  An eleionoma (Swamp:1)
  A dancing weapon (D:14)
  2 death yaks (Lair:5)
  A spriggan druid (Swamp:2)
  An orc sorcerer (Orc:1)
  A centaur zombie (D:12)
  A guardian serpent (Snake:1)
  6 elephants
  2 naga magi (Snake:1)
  A cane toad (Lair:3)
  A komodo dragon (Lair:5)
  A troll (Orc:1)
  6 dream sheep
  3 blink frogs
  9 yaks
  A hog (D:15)
  A vampire mosquito (Lair:3)
  A naga (Snake:1)
  A water moccasin (Lair:1)
  4 orc warriors
  2 wolves (Lair:2)
  4 centaurs
  3 orc priests
  2 orc wizards
  Ijyb (D:4)
  12 orcs
  A kobold (D:12)
  A bush (D:5)
73 creatures vanquished.

Vanquished Creatures (others)
  A bunyip (Swamp:2)
  A swamp dragon (Swamp:2)
  2 bloated husks
  A human (Lair:5)
  A swamp drake (Swamp:2)
  A worker ant (D:4)
  4 foxfires (Swamp:2)
  18 fungi
  48 plants
77 creatures vanquished.

Grand Total: 907 creatures vanquished

Notes
Turn   | Place    | Note
-------+----------+-------------------------------------------
     0 | D:1      | kae the Demonspawn Gladiator began the quest for the Orb.
     0 | D:1      | Reached XP level 1. HP: 16/16 MP: 1/1
   278 | D:1      | Gained mutation: You have sharp fingernails. [demonic
                  | ancestry]
   278 | D:1      | Reached XP level 2. HP: 22/22 MP: 2/2
   347 | D:1      | Reached skill level 3 in Unarmed Combat
   801 | D:2      | Reached XP level 3. HP: 26/28 MP: 3/3
   968 | D:2      | Noticed Natasha
   975 | D:2      | Killed Natasha
   980 | D:2      | Noticed Natasha
  1079 | D:2      | Killed Natasha
  1080 | D:2      | Reached XP level 4. HP: 6/34 MP: 4/4
  1382 | D:2      | Found a broken altar of Ashenzari.
  1684 | D:3      | Reached skill level 4 in Unarmed Combat
  1750 | D:3      | Found a hide-covered altar of Uskayaw.
  1989 | D:3      | Reached XP level 5. HP: 41/41 MP: 5/5
  2956 | D:3      | Found an iron altar of Okawaru.
  3037 | D:4      | Noticed an ogre
  3395 | D:4      | Found Ahuorol's Magic Scroll Shoppe.
  3400 | D:4      | Bought a scroll of identify for 26 gold pieces
  3400 | D:4      | Bought a scroll of identify for 26 gold pieces
  3410 | D:4      | Noticed Ijyb
  3421 | D:4      | Killed Ijyb
  3430 | D:4      | Killed an ogre
  3431 | D:4      | Reached skill level 5 in Unarmed Combat
  3431 | D:4      | Gained mutation: When seriously injured, your bleeding
                  | wounds create armour. (AC +9) [demonic ancestry]
  3431 | D:4      | Reached XP level 6. HP: 25/48 MP: 6/6
  3639 | D:4      | Noticed Blork the orc
  3658 | D:4      | Killed Blork the orc
  3780 | D:4      | Found a snail-covered altar of Cheibriados.
  3799 | D:4      | Noticed Eustachio
  3828 | D:4      | Killed Eustachio
  3829 | D:4      | Reached skill level 6 in Unarmed Combat
  3829 | D:4      | Gained mutation: Your flesh is heat resistant. (rF+)
                  | [demonic ancestry]
  3829 | D:4      | Reached XP level 7. HP: 30/55 MP: 7/7
  4925 | D:4      | Reached skill level 5 in Fighting
  5368 | D:5      | Entered Level 5 of the Dungeon
  5373 | D:5      | Found an opulent altar of Gozag.
  5541 | D:5      | Found a staircase to the Ecumenical Temple.
  5559 | D:5      | Reached skill level 7 in Unarmed Combat
  5567 | Temple   | Entered the Ecumenical Temple
  6313 | D:5      | Gained mutation: When seriously injured, your bleeding
                  | wounds create thick armour. (AC +9) [demonic ancestry]
  6313 | D:5      | Reached XP level 8. HP: 24/63 MP: 8/8
  6611 | D:5      | Found a shimmering altar of Xom.
  6612 | D:5      | Found a burning altar of Makhleb.
  7098 | D:6      | Reached skill level 8 in Unarmed Combat
  8394 | D:7      | Reached skill level 9 in Unarmed Combat
  8483 | D:7      | Found a shadowy altar of Dithmenos.
  8551 | D:7      | Gained mutation: A weak demonic guardian rushes to your
                  | aid. [demonic ancestry]
  8551 | D:7      | Reached XP level 9. HP: 37/72 MP: 9/9
  8881 | D:7      | Found an iron altar of Okawaru.
  9737 | D:8      | Reached skill level 10 in Unarmed Combat
  9841 | D:8      | Found Jiajax's General Store.
 10091 | D:8      | Found a transporter.
 10103 | D:8      | Noticed furman's ghost (novice TrCK)
 10172 | D:8      | Found a transporter.
 10367 | D:8      | Found an ornate altar of the Wu Jian Council.
 10414 | D:8      | Noticed a wind drake
 11320 | D:9      | Reached XP level 10. HP: 76/82 MP: 10/10
 11487 | D:10     | Entered Level 10 of the Dungeon
 11535 | D:8      | Became a worshipper of the Wu Jian Council
 11574 | D:10     | Noticed a boulder beetle
 11866 | D:10     | Reached skill level 11 in Unarmed Combat
 11975 | D:10     | Found a shimmering altar of Xom.
 11975 | D:10     | Found a shimmering altar of Xom.
 11976 | D:10     | Found a shimmering altar of Xom.
 11978 | D:10     | Found a shimmering altar of Xom.
 12548 | D:10     | Killed a boulder beetle
 12719 | D:10     | Reached skill level 12 in Unarmed Combat
 12810 | D:10     | Found a shimmering altar of Xom.
 12810 | D:10     | Found a shimmering altar of Xom.
 13125 | D:11     | Reached * piety under Wu Jian
 13732 | D:11     | Found a staircase to the Lair.
 13909 | D:12     | Noticed a seven-headed hydra
 13984 | D:12     | Noticed a two-headed ogre
 13990 | D:12     | Killed a two-headed ogre
 13991 | D:12     | Reached skill level 10 in Fighting
 13991 | D:12     | Gained mutation: You are immune to clouds of flame.
                  | [demonic ancestry]
 13991 | D:12     | Reached XP level 11. HP: 47/90 MP: 11/11
 14179 | D:12     | Found an opulent altar of Gozag.
 14547 | D:12     | Reached ** piety under Wu Jian
 14564 | D:12     | Found a staircase to the Orcish Mines.
 14574 | D:12     | Reached skill level 13 in Unarmed Combat
 14582 | D:12     | Found Amopinit's Armour Shop.
 14749 | D:12     | Noticed Gastronok
 14773 | D:12     | Killed Gastronok
 15001 | D:12     | Noticed a two-headed ogre
 15013 | D:12     | Killed a two-headed ogre
 15118 | D:12     | Noticed a white ugly thing
 15119 | D:12     | Noticed an eight-headed hydra
 15215 | Lair:1   | Entered Level 1 of the Lair of Beasts
 15478 | Lair:1   | Noticed Domino's ghost (journeyman MiBe)
 15479 | Lair:1   | Noticed a minotaur
 15493 | Lair:1   | Reached skill level 1 in Evocations
 16290 | Lair:1   | Found a runed translucent gate.
 16290 | Lair:1   | Found a runed translucent gate.
 16290 | Lair:1   | Found a runed translucent gate.
 16790 | Lair:2   | Noticed a seven-headed hydra
 16822 | Lair:2   | Found a transporter.
 16824 | Lair:2   | Noticed Borgoz's ghost (journeyman HaGl)
 16825 | Lair:2   | Identified the +11 trident of the Final Chapter {flame,
                  | Str+2}
 16825 | Lair:2   | Noticed a spriggan rider
 16829 | Lair:2   | Found a transporter.
 16874 | Lair:2   | Found a bloodstained altar of Trog.
 16888 | Lair:2   | Identified the +6 trident "Funacyg" {vorpal, Stlth+}
 16888 | Lair:2   | Noticed a spriggan rider
 17182 | Lair:2   | Killed a seven-headed hydra
 17183 | Lair:2   | Reached skill level 1 in Armour
 17183 | Lair:2   | Reached skill level 5 in Stealth
 17238 | Lair:2   | Gained mutation: A demonic guardian rushes to your aid.
                  | [demonic ancestry]
 17238 | Lair:2   | Reached XP level 12. HP: 98/98 MP: 12/12
 18088 | Lair:3   | Found a runed translucent gate.
 18089 | Lair:3   | Found a runed translucent gate.
 18089 | Lair:3   | Found a runed translucent gate.
 18091 | Lair:3   | Noticed Paluwo's ghost (journeyman TrMo)
 18092 | Lair:3   | Noticed Bathrag's ghost (journeyman DsWn)
 18154 | Lair:3   | Noticed an eight-headed hydra
 18161 | Lair:3   | Killed an eight-headed hydra
 18522 | Lair:3   | Reached skill level 14 in Unarmed Combat
 18532 | Lair:3   | Reached skill level 5 in Evocations
 18641 | Lair:3   | Reached *** piety under Wu Jian
 19589 | Lair:3   | Reached skill level 5 in Dodging
 19871 | Lair:3   | Found a staircase to the Swamp.
 20522 | Lair:4   | Reached skill level 5 in Armour
 21074 | Lair:4   | Found a staircase to the Snake Pit.
 21318 | Lair:5   | Found a staircase to the Slime Pits.
 21321 | Lair:5   | Found a viscous altar of Jiyva.
 21336 | Lair:5   | Reached **** piety under Wu Jian
 21341 | Lair:5   | Gained mutation: You have very sharp fingernails. [demonic
                  | ancestry]
 21341 | Lair:5   | Reached XP level 13. HP: 74/104 MP: 13/13
 21706 | Lair:5   | You fall into a shaft and drop 1 floor!
 21706 | Lair:6   | Entered Level 6 of the Lair of Beasts
 21925 | Lair:5   | Noticed Snorg
 22148 | Lair:5   | Killed Snorg
 24665 | Lair:6   | Gained mutation: You have claws for hands. [demonic
                  | ancestry]
 24665 | Lair:6   | Reached XP level 14. HP: 58/113 MP: 14/14
 24961 | Lair:6   | Identified Cephiesk's Disquisition on the Snowflakes
 25147 | Lair:6   | Reached skill level 15 in Unarmed Combat
 25829 | D:8      | Killed furman's ghost
 25830 | D:8      | Reached XP level 15. HP: 114/119 MP: 15/15
 25996 | Lair:1   | Reached ***** piety under Wu Jian
 26007 | Lair:1   | Killed Domino's ghost
 26247 | Lair:1   | Got a sparkling sapphire amulet
 26369 | Lair:1   | Identified the amulet "Maeph" {Acrobat rElec rPois} (You
                  | found it on level 1 of the Lair of Beasts)
 26538 | Lair:3   | Killed Paluwo's ghost
 26547 | Lair:3   | Killed Bathrag's ghost
 27561 | D:13     | Noticed Frances
 27567 | D:13     | Killed Frances
 27568 | D:13     | Reached skill level 16 in Unarmed Combat
 27948 | D:13     | Found a roughly hewn altar of Beogh.
 28318 | D:14     | Found a gate to the Vaults.
 28383 | D:14     | Noticed Jorgrun
 28395 | D:14     | Killed Jorgrun
 28470 | D:14     | Found a white marble altar of Elyvilon.
 28884 | D:14     | You fall into a shaft and drop 1 floor!
 28884 | D:15     | Entered Level 15 of the Dungeon
 28888 | D:15     | Noticed Rupert
 28907 | D:15     | Killed Rupert
 29366 | D:15     | Noticed Kirke
 29387 | D:15     | Killed Kirke
 29683 | D:15     | Identified Roxanne's Tome of the Rocks
 29683 | D:15     | Noticed Roxanne
 29790 | D:15     | Found a staircase to the Depths.
 30160 | D:15     | Reached ****** piety under Wu Jian
 30216 | D:15     | Killed Roxanne
 30451 | Orc:1    | Entered Level 1 of the Orcish Mines
 30465 | Orc:1    | Noticed an orc warlord
 30474 | Orc:1    | Reached skill level 17 in Unarmed Combat
 31105 | Orc:1    | Noticed an orc warlord
 31601 | D:12     | Killed an orc warlord
 31919 | D:12     | Killed an orc warlord
 32410 | Orc:2    | Entered Level 2 of the Orcish Mines
 32468 | Orc:1    | Reached XP level 16. HP: 109/127 MP: 16/16
 33280 | Orc:2    | Found Kidiet's Armour Boutique.
 33280 | Orc:2    | Found Lourabem's Book Boutique.
 33281 | Orc:2    | Found Bix Jottuu's Book Shop.
 33295 | Orc:2    | Found Zorhusao's General Store.
 33301 | Orc:2    | Bought a scroll of identify for 36 gold pieces
 33395 | Orc:2    | Noticed Sonja
 33401 | Orc:2    | Killed Sonja
 33751 | Orc:2    | Found a staircase to the Elven Halls.
 34042 | D:12     | Identified a scroll of acquirement
 34042 | D:12     | Acquired the ring "Piaduih" {rC+++ Will- MP+9 Dex+4 SInv}
 34224 | Snake:1  | Entered Level 1 of the Snake Pit
 35231 | Snake:1  | Reached skill level 18 in Unarmed Combat
 35454 | Snake:1  | Found an ancient bone altar of Kikubaaqudgha.
 36632 | Swamp:1  | Entered Level 1 of the Swamp
 36830 | Swamp:1  | Found a frozen archway.
 36837 | IceCv    | Entered an ice cave
 37557 | IceCv    | Noticed an Ice Fiend
 37558 | IceCv    | Found the +2 hood of the Assassin {Detection Stab+ Stlth++}
 37562 | IceCv    | Killed an Ice Fiend
 37615 | IceCv    | Acquired 562 gold pieces
 38476 | Swamp:2  | HP: 2/134 [(39)]
 38481 | Swamp:2  | Slain by a swamp worm

Illustrated notes

Levels and vault maps discovered:
D:1:      scummos_arrival_checkerplants, layout_basic, minmay_tetromino_o4
D:2:      layout_rooms, lemuel_round_altar, uniq_natasha
D:3:      minmay_general_purpose_star, layout_basic,
          eat_drink_and_be_merry_uskayaw, nicolae_overflow_hidden_temple,
          marbit_many_paths
D:4:      layout_layer_cave, cheibriados_altar_1, serial_shops,
          nicolae_shop_crystal, uniq_blork_the_orc, uniq_eustachio, uniq_ijyb
D:5:      layout_loops_ring, grunt_temple_overflow_champion_of_chaos,
          nicolae_gozag_seed_capital, minmay_temple_entry_trees,
          kb_lookout_dungeons_type
D:6:      layout_cave_pods, st_stairs_6, corexii_hall_statues_l
D:7:      layout_basic, lemuel_doored_altar, basic_altar
D:8:      layout_loops_ring, nzn_wu_jian_contemplation, nzn_ghost_randoct,
          serial_shops, shop_fountains, minmay_microvault
D:9:      layout_irregular_city
D:10:     layout_basic, xom_shifter_show
D:11:     layout_cross, grunt_lair_entry_orc_guard_hut
D:12:     layout_small_grid, orc_david_3, basic_altar, uniq_gastronok
D:13:     layout_basic, david_defended_altar_orc, uniq_frances
D:14:     layout_irregular_city, erik_vaults_1, elyvilon_altar_3, uniq_jorgrun
D:15:     grunt_enter_depths_snipers, layout_gridville, uniq_roxanne,
          uniq_rupert, uniq_kirke
Temple:   minmay_temple_bridge_abc
Lair:1:   layout_cave_pods, maelrawn_ghost_gauntlet_escape, lemuel_fruit_tree,
          infiniplex_staircase_pool, serial_bayou_shore_b
Lair:2:   layout_gridlike, gammafunk_ghost_wrathful_warriors,
          nicolae_quartered_pool_medium, beast_lair_carwin_4
Lair:3:   layout_layer_cave, minmay_swamp_entry_swarm, gammafunk_ghost_cemetery,
          grunt_megastairs_4, minmay_lair_oklob_chamber
Lair:4:   layout_cave_shapes, guppyfry_snake_entry_garden
Lair:5:   slaughterhouse, layout_regular_city, slime_altar_1,
          chequers_serial_rivers_micro_c, cheibrodos_lair_reptile_den,
          uniq_snorg
Lair:6:   due_jungle_book, layout_small_grid, nicolae_volcano_entry_two_sided
Swamp:1:  layout_falls_marsh, portal_ice_cave_entry_pillars_1,
          evilmike_swamp_ruin_house_2
Swamp:2:  layout_basic_swamp, nicolae_swamp_orc_logging_accident,
          nicolae_swamp_oklob_treasure_island
Snake:1:  layout_grid_maze, basic_altar, st_stairs_14,
          nicolae_snake_round_shape_thing
Orc:1:    layout_diamond_mine
Orc:2:    st_orc_mages, layout_caves, uniq_sonja

Skill      XL: |  1  2  3  4  5  6  7  8  9 10 11 12 13 14 15 16 |
---------------+-------------------------------------------------+-----
Throwing       | 2 |  2.2
Dodging        | 3 5 8 |  8.0
Unarmed Combat | 3 4 5 6 7 9 10 12 13 14 15 17 18 | 18.7
Fighting       | 3 4 5 7 8 10 11 13 14 | 14.5
Stealth        | 5 |  5.3
Evocations     | 3 8 |  8.0
Armour         | 1 5 8 |  8.0

Action                   |  1- 3 |  4- 6 |  7- 9 | 10-12 | 13-15 | 16-18 || total
-------------------------+-------+-------+-------+-------+-------+-------++-------
Melee: Unarmed           |    97 |   211 |   498 |   655 |   805 |   522 ||  2788
       Punch             |     5 |     7 |    21 |    48 |    85 |    58 ||   224
Invok: Lunge             |       |       |       |    46 |    57 |    46 ||   149
       Whirlwind         |       |       |       |     7 |     7 |    26 ||    40
Evoke: Wand              |       |     3 |     1 |     5 |    19 |       ||    28
  Use: Scroll            |     4 |     8 |     9 |    12 |    12 |     7 ||    52
       Potion            |       |     1 |     1 |       |     1 |     1 ||     4
 Stab: Distracted        |       |     1 |     1 |     3 |       |       ||     5
Armor: Leather armour    |    35 |    57 |    62 |       |       |       ||   154
       Plate armour      |       |       |   180 |   393 |   411 |   224 ||  1208
Dodge: Dodged            |    67 |   154 |   254 |   252 |   383 |   239 ||  1349

Table legend: (Time is in decaauts)
 A = Elapsed time spent in this place.
 B = Non-inter-level travel time spent in this place.
 C = Inter-level travel time spent in this place.
 D = Time resting spent in this place.
 E = Time spent auto-exploring this place.
 F = Levels seen in this place.
 G = Mean time per level.
                   A        B        C        D        E       F      G
               +--------+--------+--------+--------+--------+-----+--------+
         Total |  37989 |  35955 |   2034 |   6111 |  24858 |  28 | 1356.8 |
       Dungeon |  20260 |  19105 |   1155 |   3729 |  12662 |  15 | 1350.7 |
        Temple |    314 |    295 |     19 |     13 |    270 |   1 |  314.0 |
          Lair |  11823 |  11124 |    699 |   1416 |   8351 |   6 | 1970.5 |
         Swamp |    875 |    867 |      8 |    269 |    470 |   2 |  437.5 |
     Snake Pit |   2004 |   1938 |     66 |      0 |   1656 |   1 | 2004.0 |
  Orcish Mines |   1899 |   1814 |     85 |    683 |    823 |   2 |  949.5 |
      Ice Cave |    811 |    811 |      0 |      0 |    626 |   1 |  811.0 |
               +--------+--------+--------+--------+--------+-----+--------+

Top non-repeatable levels by time:
    D:12: 3211 daAuts
  Lair:3: 2501 daAuts
  Lair:6: 2116 daAuts
  Lair:5: 2077 daAuts
     D:4: 2022 daAuts
  Lair:1: 2020 daAuts
 Snake:1: 2004 daAuts
  Lair:2: 1830 daAuts
     D:3: 1669 daAuts
     D:5: 1350 daAuts
    D:15: 1333 daAuts
     D:6: 1312 daAuts
  Lair:4: 1277 daAuts
     D:7: 1239 daAuts
     D:9: 1217 daAuts
